 Dungeon Crawl Stone Soup version 0.22-a0-305-gd21a89c (webtiles) character file.

78 xccam the Shield-Bearer (level 4, 0/35 HPs)
             Began as a Formicid Fighter on Mar 30, 2018.
             Succumbed to an adder's poison
             ... on level 2 of the Dungeon.
             The game lasted 00:02:06 (1437 turns).

xccam the Shield-Bearer (Formicid Fighter)          Turns: 1437, Time: 00:02:06

Health: 0/35       AC:  6    Str: 21    XL:     4   Next: 61%
Magic:  4/4        EV: 13    Int: 13    God:
Gold:   152        SH: 10    Dex: 15    Spells: 3/3 levels left

rFire    . . .     SeeInvis +   a - +0 war axe
rCold    . . .     Gourm    .   c - +0 shield
rNeg     . . .     Faith    .   b - +0 scale mail
rPois    .         Spirit   .   (helmet unavailable)
rElec    .         Reflect  .   (no cloak)
rCorr    .         Harm     .   (no gloves)
MR       .....                  (no boots)
Stlth    +.........             (no amulet)
HPRegen  0.11/turn              (no ring)
MPRegen  0.09/turn              (no ring)

@: brilliant, agile, lethally poisoned (0 -> -1)
A: permanent stasis, dig shafts and tunnels, four strong arms, antennae 3
a: Dig, Shaft Self


You were on level 2 of the Dungeon.
You were not hungry.

You visited 1 branch of the dungeon, and saw 2 of its levels.

You collected 152 gold pieces.

Inventory:

Hand Weapons
 a - a +0 war axe (weapon)
Armour
 b - a +0 scale mail (worn)
 c - a +0 shield (worn)
Scrolls
 e - a scroll of fog {unknown}
 g - a scroll of random uselessness {unknown}
 h - a scroll of teleportation {unknown}
 i - a scroll of enchant armour {unknown}
 j - 2 scrolls of identify {unknown}
 n - a scroll of amnesia {unknown}
Potions
 d - a potion of might
Comestibles
 f - 3 rations


   Skills:
 - Level 3.2 Fighting
 * Level 3.8 Axes
 - Level 3.2 Armour
 + Level 4.5 Shields


You had 3 spell levels left.
You didn't know any spells.

Dungeon Overview and Level Annotations

Branches:
Dungeon (2/15)

Altars:
Kikubaaqudgha
Trog
Wu Jian
The Shining One


Innate Abilities, Weirdness & Mutations

You cannot be hasted, slowed, berserked, paralysed or teleported.
You can dig through walls and to a lower floor.
Your four strong arms can wield two-handed weapons with a shield.
You have a pair of large antennae on your head. (SInv)


Message History

It was a potion of haste.
Your stasis prevents you from being hasted.
Okay, then.
You start resting.
You feel sick. x3
Your transformation is almost over.
You feel sick.
You start resting.
You feel sick. x2
You feel less wooden.
Your +0 scale mail unmelds from your body.
* * * LOW HITPOINT WARNING * * *
You feel sick.
There is a lethal amount of poison in your body!
Okay, then.
Okay, then.
* * * LOW HITPOINT WARNING * * *
You feel sick.
Found 21 arrows.
A worm comes into view.
You die...

....>### ######..#
.#########......## ..##
#....######
...####.################
........# #..........#
##..#########......(...#
>..........†...........#
###....................#
# #..########...@......#
# #### #.......w..# #
#..........# #
############ # # #


You could see a worm.

Vanquished Creatures
  3 adders (D:2)
  An ooze (D:1)
  2 worms (D:2)
  A dart slug (D:1)
  A leopard gecko (D:1)
  A giant cockroach (D:2)
  7 goblins
  3 hobgoblins
  3 jackals (D:1)
  3 bats
  A frilled lizard (D:2)
  9 kobolds
  2 rats
37 creatures vanquished.

Notes
Turn   | Place    | Note
-------+----------+-------------------------------------------
     0 | D:1      | xccam the Formicid Fighter began the quest for the Orb.
     0 | D:1      | Reached XP level 1. HP: 18/18 MP: 1/1
    39 | D:1      | Reached XP level 2. HP: 19/24 MP: 2/2
   137 | D:1      | Reached skill level 4 in Shields
   372 | D:1      | Reached XP level 3. HP: 29/29 MP: 3/3
  1111 | D:2      | Found an ancient bone altar of Kikubaaqudgha.
  1111 | D:2      | Found a bloodstained altar of Trog.
  1112 | D:2      | Found an ornate altar of the Wu Jian Council.
  1123 | D:2      | Reached XP level 4. HP: 32/35 MP: 4/4
  1173 | D:2      | Found a glowing golden altar of the Shining One.
  1429 | D:2      | HP: 1/35 [poisoned by an adder]
  1437 | D:2      | Succumbed to an adder's poison

Vault maps used:
D:1:      tarquinn_simple_flora_water_c
D:2:      nicolae_overflow_quartered_altars, first_ration

Skill      XL: |  1  2  3 |
---------------+----------+-----
Shields        | 4 |  4.5
Axes           | 3 |  3.8
Fighting       | |  3.2
Armour         | |  3.2

Action                   |  1- 3 |  4- 6 || total
-------------------------+-------+-------++-------
Melee: War axe           |    66 |    42 ||   108
  Use: Potion            |       |     4 ||     4
  Eat: Chunk             |     1 |     1 ||     2
Armor: Scale mail        |    25 |    18 ||    43
Dodge: Dodged            |    20 |    13 ||    33
Block: Shield            |    29 |    22 ||    51

Table legend:
 A = Spawn XP
 B = Non-spawn XP
 C = Spawn XP percentage of total XP
 D = Spawn monster count
 E = Non-spawn monster count
 F = Spawn count percentage of total count
 G = Total turns spent on level
                    A         B        C        D         E        F      G
               +---------+---------+-------+---------+---------+-------+---------
         Total |       0 |     112 |   0.0 |       0 |      37 |   0.0 |  1437
               +---------+---------+-------+---------+---------+-------+---------
           D:1 |       0 |      36 |   0.0 |       0 |      16 |   0.0 |   782
           D:2 |       0 |      76 |   0.0 |       0 |      21 |   0.0 |   655
               +---------+---------+-------+---------+---------+-------+---------
